 Dungeon Crawl Stone Soup version 0.18-a0-1193-gb7aa92a (webtiles) character file.

56 Oddball22 the Conjurer (level 3, 0/21 HPs)
             Began as an Octopode Conjurer on Jan 29, 2016.
             Slain by a gnoll
             ... wielding a +0 halberd
              (6 damage)
             ... on level 3 of the Dungeon.
             The game lasted 00:05:01 (1239 turns).

Oddball22 the Conjurer (Octopode Conjurer)          Turns: 1239, Time: 00:05:01

Health: 0/21       AC:  1    Str:  7    XL:     3   Next: 95%
Magic:  1/7        EV: 12    Int: 18    God:
Gold:   51         SH:  0    Dex: 12    Spells: 3 memorised, 1 level left

rFire  . . .     SeeInvis .     (no weapon)
rCold  . . .     Gourm    .     (no shield)
rNeg   . . .     Faith    .     (helmet restricted)
rPois  .         Spirit   .     (no amulet)
rElec  .         Dismiss  .     c - ring of sustain attributes
rCorr  .         Reflect  .     (no ring)
SustAt +         Harm     .     (no ring)
MR     .....                    (no ring)
Stlth  +++.......               (no ring)
                                (no ring)
                                (no ring)
                                (no ring)

@: not resistant to hostile enchantments, fairly stealthy
A: almost no armour, amphibious, 8 rings, constrict 8, camouflage 1, gelatinous
body 1
a: no special abilities


You were on level 3 of the Dungeon.
You were hungry.

You visited 1 branch of the dungeon, and saw 3 of its levels.

You collected 51 gold pieces.

Inventory:

Jewellery
 c - a ring of sustain attributes (left tentacle)
Scrolls
 e - a scroll of remove curse {unknown}
 f - a scroll of enchant weapon {unknown}
 h - a scroll of blinking {unknown}
Potions
 d - a potion of mutation {unknown}
 g - 2 potions of curing {unknown}
Books
 a - a book of Conjurations

   Spells                             Type                      Level
   a - Magic Dart                     Conjuration                  1
   b - Searing Ray                    Conjuration                  2
   c - Dazzling Spray                 Conjuration/Hexes            3
   d - Fulminant Prism                Conjuration/Hexes            4
   e - Iskenderun's Mystic Blast      Conjuration                  4
   f - Iskenderun's Battlesphere      Conjuration/Charms           5
Comestibles
 b - 3 bread rations


   Skills:
 - Level 2.0 Dodging
 - Level 2.6 Stealth
 + Level 2.7 Spellcasting
 * Level 5.0 Conjurations


You had one spell level left.
You knew the following spells:

 Your Spells              Type           Power        Failure   Level  Hunger
a - Magic Dart            Conj           ###.         1%          1    #......
b - Searing Ray           Conj           ###...       3%          2    ##.....
c - Dazzling Spray        Conj/Hex       ##......     21%         3    ###....


Dungeon Overview and Level Annotations

Branches:
Dungeon (3/15)

Altars:


Innate Abilities, Weirdness & Mutations

You cannot wear most types of armour.
You are amphibious.
You can wear up to eight rings at the same time.
You can use your tentacles to constrict eight enemies at once.
Your skin changes colour to match your surroundings (Stealth).
Your rubbery body absorbs attacks (AC +1).


Message History

The gnoll is almost dead.
The gnoll barely misses you.
The gnoll hits you from afar with a halberd!
The gnoll hits you with a club!
* * * LOW HITPOINT WARNING * * *
You see here a poisoned javelin.
Found a scroll labeled MESHAE VASTYI.
A hobgoblin comes into view. It is wielding a club.
You are feeling hungry.
The hobgoblin shouts!
Casting: Searing Ray
Confirm with . or Enter, or press ? or * to list all spells.
Aiming: Searing Ray
Press: ? - help, Shift-Dir - straight line, f - gnoll
Aim: a gnoll, wielding a halberd The searing ray hits the gnoll.
You kill the gnoll!
Your Conjurations skill increases to level 5!
The gnoll hits you from afar with a halberd.
You die...

#..# ##.# #.# #.# #g# .
#g# #####.. #.# .......
#.#########.......
##......gg)@....g..
######...########?......
......(.##### .......
#######.....# ###g...
##....# ##. #....#
#....# #....# ######


You could see 2 gnolls and 2 hobgoblins.

Vanquished Creatures
  2 gnolls (D:3)
  5 bats
  2 giant cockroaches
  5 goblins
  7 hobgoblins
  A quokka (D:3)
  6 giant newts (D:1)
  5 kobolds
  4 rats
37 creatures vanquished.

Notes
Turn   | Place    | Note
--------------------------------------------------------------
     0 | D:1      | Oddball22 the Octopode Conjurer began the quest for the Orb.
     0 | D:1      | Reached XP level 1. HP: 11/11 MP: 3/3
   136 | D:1      | Reached XP level 2. HP: 17/17 MP: 0/5
   198 | D:1      | Learned a level 2 spell: Searing Ray
   862 | D:2      | Reached XP level 3. HP: 17/21 MP: 1/6
   872 | D:1      | Learned a level 3 spell: Dazzling Spray
  1239 | D:3      | Reached skill level 5 in Conjurations
  1239 | D:3      | Slain by a gnoll

Vault maps used:
D:1:      minmay_arrival_arboretum_small
D:2:      gammafunk_temple_overflow_wave, first_bread, grunt_ministairs_13,
          grunt_dithmenos_smoke, uniq_jessica, uniq_sigmund

Action                   || total
-------------------------++-------
Melee: Unarmed           ||    17
 Cast: Magic Dart        ||    52
       Searing Ray       ||     2
  Eat: Chunk             ||     1
